 Dungeon Crawl Stone Soup version 0.22.1-1-ga44c0e5 (webtiles) character file.

68 dohliylev the Sneak (level 4, -1/30 HPs)
             Began as a Vampire Enchanter on Sept 21, 2018.
             Slain by Terence
             ... wielding a +0 falchion
              (5 damage)
             ... on level 2 of the Dungeon.
             The game lasted 00:04:48 (1146 turns).

dohliylev the Sneak (Vampire Enchanter)             Turns: 1146, Time: 00:04:49

Health: -1/30      AC:  2    Str:  7    XL:     4   Next: 1%
Magic:  5/7        EV: 12    Int: 18    God:
Gold:   110        SH:  0    Dex: 14    Spells: 4/7 levels left

rFire    . . .     SeeInvis +   a - +1 dagger
rCold    . . .     Gourm    .   (no shield)
rNeg     + . .     Faith    .   b - +0 robe
rPois    .         Spirit   .   (no helmet)
rElec    .         Reflect  .   (no cloak)
rCorr    .         Harm     .   (no gloves)
MR       .....                  (no boots)
Stlth    +++.......             (no amulet)
HPRegen  0.10/turn              d - ring of flight
MPRegen  0.10/turn              (no ring)

@: no status effects
A: fangs 3, see invisible, unbreathing
a: Bat Form, Evoke Flight


You were on level 2 of the Dungeon.
You were not thirsty.

You visited 1 branch of the dungeon, and saw 2 of its levels.

You collected 110 gold pieces.

Inventory:

Hand Weapons
 a - a +1 dagger (weapon)
Armour
 b - a +0 robe (worn)
Jewellery
 d - a ring of flight (left hand)
Scrolls
 c - 2 scrolls of teleportation {unknown}
 h - a scroll of enchant armour {unknown}
 i - a scroll of magic mapping {unknown}
Potions
 e - 13 potions of blood
 f - 2 potions of heal wounds {unknown}
 g - a potion of lignification {unknown}
 j - a potion of ambrosia {unknown}


   Skills:
 + Level 3.8 Short Blades
 - Level 2.1 Dodging
 - Level 5.0 Stealth
 - Level 2.0 Spellcasting
 - Level 4.4 Hexes
 + Level 0.5 Ice Magic


You had 4 spell levels left.
You knew the following spells:

 Your Spells              Type           Power        Failure   Level  Hunger
a - Corona                Hex            ###....      3%          1    #......
b - Ensorcelled Hibernat  Hex/Ice        ##....       10%         2    ###....

Your spell library contained the following spells:

 Spells                   Type           Power        Failure   Level  Hunger
 Confuse                  Hex            ###.....     9%          3    ###....
 Tukima's Dance           Hex            ###.....     9%          3    ###....
 Dazzling Spray           Conj/Hex       #.....       22%         3    ###....


Dungeon Overview and Level Annotations

Branches:
Dungeon (2/15)

Altars:

Annotations:
D:2 Terence


Innate Abilities, Weirdness & Mutations

You have razor-sharp teeth.
You have supernaturally acute eyesight. (SInv)
You can survive without breathing.


Message History

You closely miss Terence. You bite Terence, but do no damage.
Terence is heavily wounded.
Terence hits you with a falchion.
You hit Terence but do no damage.
Terence is heavily wounded.
Terence hits you with a falchion.
You hit Terence but do no damage.
Terence is heavily wounded.
Terence hits you with a falchion.
* * * LOW HITPOINT WARNING * * *
You hit Terence but do no damage. Your bite misses Terence.
Terence is heavily wounded.
You hit Terence but do no damage.
Terence is heavily wounded.
Terence hits you with a falchion.
* * * LOW HITPOINT WARNING * * *
Terence stops glowing.
Terence says, "Did you write a will?
You should..."
Terence hits you with a falchion.
You die...

# .##.# #.#
# ##.##.#
#.#
###<..#.#
#.#
...####.#
#.#
........#
#.#
...######
#.# ...#
#.# ...#
#.### ...#
#.@.# ..>#
###@# ...#
#.# ...#
#.# ...#
#.# (..#
#.#
###########
#.#
..........#
#.#
.########.#
#.#


You could see Terence.

Vanquished Creatures
  A worker ant (D:2)
  An adder (D:2)
  A ball python (D:1)
  5 bats
  2 giant cockroaches (D:1)
  4 goblins
  4 hobgoblins
  7 kobolds
  4 frilled lizards
  7 rats
36 creatures vanquished.

Notes
Turn   | Place    | Note
-------+----------+-------------------------------------------
     0 | D:1      | dohliylev the Vampire Enchanter began the quest for the
                  | Orb.
     0 | D:1      | Reached XP level 1. HP: 13/13 MP: 3/3
   137 | D:1      | Reached skill level 5 in Stealth
   169 | D:1      | Reached XP level 2. HP: 16/19 MP: 5/5
   646 | D:2      | Reached XP level 3. HP: 20/24 MP: 6/6
   680 | D:2      | Learned a level 2 spell: Ensorcelled Hibernation
   965 | D:2      | Reached XP level 4. HP: 30/30 MP: 7/7
  1007 | D:2      | Noticed Terence
  1146 | D:2      | Slain by Terence

Skill      XL: |  1  2 |
---------------+-------+-----
Stealth        | 5 |  5.0
Short Blades   | 3 |  3.8
Dodging        | |  2.1
Spellcasting   | |  2.0
Hexes          | |  4.4
Ice Magic      | |  0.5

Action                   |  1- 3 |  4- 6 || total
-------------------------+-------+-------++-------
Melee: Dagger            |   127 |    35 ||   162
       Bite              |     3 |     2 ||     5
 Cast: Ensorcelled Hiber |     5 |       ||     5
       Corona            |       |     4 ||     4
  Use: Potion            |     5 |       ||     5
 Stab: Sleeping          |     9 |       ||     9
  Eat: Corpse            |     2 |       ||     2
Armor: Robe              |    16 |     1 ||    17
Dodge: Dodged            |    90 |    15 ||   105
